 Dungeon Crawl Stone Soup version 0.25-a0-803-g58bd18402a (console) character file.

Game seed: 2068996110550223076, levelgen mode: deterministic

13862 dumpf the Reanimator (level 11, 0/106 HPs)
             Began as a Deep Dwarf Necromancer on Apr 18, 2020.
             Was an Elder of Fedhas.
             Killed from afar by an orc sorcerer (28 damage)
             ... with a bolt of negative energy
             ... on level 2 of the Orcish Mines on Apr 19, 2020.
             The game lasted 04:44:50 (13893 turns).

dumpf the Reanimator (Deep Dwarf Necromancer)      Turns: 13893, Time: 04:44:50

Health: 0/106      AC:  9    Str: 14    XL:     11   Next: 81%
Magic:  15/18      EV: 12    Int: 17    God:    Fedhas [****..]
Gold:   1065       SH:  0    Dex: 17    Spells: 8/22 levels left

rFire    . . .     SeeInvis .   J - +9 morningstar (protect) {@w1}
rCold    . . .     Gourm    .   (no shield)
rNeg     . . .     Faith    .   G - +0 scale mail
rPois    .         Spirit   .   N - +0 helmet
rElec    .         Reflect  .   (no cloak)
rCorr    .         Harm     .   g - +0 pair of gloves (curse)
MR       +....                  (no boots)
Stlth    +.........             (no amulet)
HPRegen  0.00/turn              u - +4 ring of dexterity
MPRegen  0.16/turn              M - +3 ring of slaying

@: lethally poisoned (0 -> 0), non-regenerating, drained
A: damage resistance, heal wounds, sense surroundings 2, no regeneration
a: Heal Wounds, Wall of Briars, Grow Ballistomycete, Overgrow, Renounce Religion


You were on level 2 of the Orcish Mines.
You worshipped Fedhas.
Fedhas was greatly pleased with you.
You were hungry.

You visited 3 branches of the dungeon, and saw 12 of its levels.
You visited the Abyss 1 time.

You collected 1065 gold pieces.

Inventory:

Hand Weapons
 a - a +4 dagger of distortion
 h - a +2 trident of holy wrath
 i - a +2 hand axe of venom
 j - a +2 flail of protection
 m - a +2 vorpal battleaxe
 y - a +0 whip of freezing
 B - a +0 arbalest {@w2}
 H - a +1 dagger of draining
 J - a +9 morningstar of protection (weapon) {@w1}
Missiles
 E - 118 bolts
Armour
 g - a cursed +0 pair of gloves (worn)
 s - a +0 chain mail
 A - a +1 leather armour of cold resistance
 D - a +0 buckler
 G - a +0 scale mail (worn)
 L - a +0 ring mail
 N - a +0 helmet (worn)
 S - a +1 plate armour of poison resistance
Magical Staves
 V - an uncursed staff of fire
Jewellery
 d - an uncursed ring of resist corrosion
 f - a +3 ring of intelligence
 u - a +4 ring of dexterity (left hand)
 v - an uncursed ring of protection from fire
 M - a +3 ring of slaying (right hand)
 T - an uncursed ring of protection from magic
 Z - the ring of Zyosiop {Fire Int+3}
   (You took it off an orc on level 5 of the Dungeon)

   [ring of fire]

   It enhances your fire magic.
   It affects your intelligence (+3).
   It protects you from fire.
   It makes you vulnerable to cold.
Wands
 K - a wand of polymorph (9)
 R - a wand of acid (9)
 Y - a wand of iceblast (9)
Scrolls
 b - a scroll of fog
 e - 3 scrolls of teleportation
 l - a scroll of blinking {unknown}
 q - 3 scrolls of identify
 r - a scroll of enchant armour {unknown}
 t - 4 scrolls of remove curse
 C - a scroll of holy word {unknown}
 F - 2 scrolls of fear
 I - a scroll of magic mapping {unknown}
 P - a scroll of amnesia {unknown}
 Q - a scroll of summoning {unknown}
 X - a scroll of random uselessness {unknown}
Potions
 k - a potion of flight
 p - a potion of might
 w - a potion of stabbing {unknown}
 x - a potion of brilliance
 z - a potion of haste {unknown}
 U - a potion of magic {unknown}
Miscellaneous
 W - a lightning rod (4/4)
Comestibles
 c - 14 rations
 o - 3 chunks of flesh


   Skills:
 - Level 9.0(8.2) Fighting
 - Level 6.3(6.6) Axes
 + Level 5.1(5.6) Maces & Flails
 - Level 6.1(5.4) Armour
 - Level 5.4(4.7) Dodging
 - Level 2.4(1.8) Stealth
 - Level 3.0(2.4) Shields
 - Level 6.0(5.3) Spellcasting
 - Level 10.0(9.2) Necromancy
 - Level 8.0(7.3) Invocations


You had 8 spell levels left.
You knew the following spells:

 Your Spells              Type           Power        Failure   Level  Hunger
a - Pain                  Necr           ####         1%          1    None
b - Animate Skeleton      Necr           N/A          1%          1    None
c - Vampiric Draining     Necr           #####.....   3%          3    ##.....
d - Animate Dead          Necr           N/A          12%         4    ####...
e - Agony                 Necr           #####...     32%         5    ######.

Your spell library contained the following spells:

 Spells                   Type           Power        Failure   Level  Hunger
 Corona                   Hex            #......      45%         1    None
 Ensorcelled Hibernation  Hex/Ice        #.....       61%         2    #......
 Confusing Touch          Hex            #.......     83%         3    ##.....
 Dazzling Flash           Conj/Hex       #.....       83%         3    ##.....
 Tukima's Dance           Hex            #.......     83%         3    ##.....


Dungeon Overview and Level Annotations

Branches:
Dungeon (9/15)             Temple (1/1) D:4            Lair (0/6) D:9
    Orc (2/2) D:9             Elf (0/3) Orc:2

Altars:
Ashenzari
Cheibriados
Dithmenos
Elyvilon
Fedhas
Gozag
Hepliaklqana
Kikubaaqudgha
Makhleb
Nemelex Xobeh
Okawaru
Qazlal
Ru
Sif Muna
Trog
Uskayaw
Vehumet
Wu Jian
Xom
Yredelemnul
Zin
The Shining One

Shops:
D:5 *

Annotations:
D:8 3 runed translucent doors, anet's ghost, novice GnWn


Innate Abilities, Weirdness & Mutations

You are resistant to damage.
You can heal yourself by infusing magical energy.
You passively map the area around you.
You do not regenerate.


Message History

Your briar patch is destroyed!
The orc warrior barely misses you.
The centaur unwields a +0 shortbow.
The centaur hits your briar patch.
The orc sorcerer hits you with a +1 dagger of venom.
* * * LOW HITPOINT WARNING * * *
You are poisoned.
Okay, then.
Okay, then.
Casting: Vampiric Draining (mildly dangerous; 2% risk of failure)
Confirm with . or Enter, or press ? or * to list all spells.
Aiming: Vampiric Draining (mildly dangerous; 2% risk of failure)
Press: ? - help, Shift-Dir - straight line, f - orc sorcerer
Aim: an orc sorcerer, wielding a +1 dagger of venom and wearing a cursed +0 robe The orc sorcerer is moderately wounded.
You feel life coursing into your body. The centaur hits your briar patch.
The orc warrior closely misses you.
The orc sorcerer points at you and mumbles some strange words.
The bolt of negative energy hits you!!
You feel drained.
You die...
Fedhas appreciates your contribution to the ecosystem.

,, , , , , ** , , , , ,
*, * , ,,* ** , , * ,
,, , **, , , , ** , ^ ,
, ** , **, * , ,, ,., ,
#### *> , , * ,
,....##Po## . * ,,
......cP@####.... , , ,
.......o.....#, ,,, ,
,,................. < *
,..##..##..##..... , ≈≈
....,.... *...., ,, ≈
≈≈≈.......... ..., ,
**≈≈≈≈.........,,#. , ,
* * ##≈≈≈≈......#., ,
***≈≈≈≈.....#,, , , , ,
, .......$...... ,
,ooo.c.................


You could see an orc sorcerer, an orc warrior and a centaur.

Vanquished Creatures
  A blizzard demon (Abyss:1)
  A death yak (D:9)
  A two-headed ogre (D:9)
  An orc high priest (Orc:1)
  A thrashing horror (Abyss:1)
  Pikel (D:4)
  A worldbinder (Abyss:1)
  An orc sorcerer (Orc:1)
  Psyche (D:8)
  A queen bee (D:8)
  3 trolls
  Grinder (D:4)
  A hippogriff (D:8)
  A yak (D:9)
  2 wargs (Orc:1)
  Edmund (D:4)
  Duvessa (D:7)
  A water moccasin (D:5)
  5 ice beasts
  22 orc warriors
  3 phantoms
  10 ogres
  2 necrophages (D:9)
  An eye of draining (D:9)
  2 sky beasts
  2 centaurs
  A crocodile (D:8)
  6 bullfrogs
  2 gnoll sergeants
  A water moccasin zombie (D:7)
  A wyvern zombie (D:9)
  Dowan (D:7)
  4 wights (D:9)
  14 killer bees (D:8)
  4 crimson imps
  A starcursed mass (Abyss:1)
  A quasit (D:7)
  14 orc priests
  3 jellies
  16 orc wizards
  4 hounds
  A gnoll shaman (D:5)
  6 worker ants
  A hound zombie (D:7)
  A hound skeleton (D:5)
  2 worker ant zombies (D:6)
  2 howler monkey skeletons
  8 gnolls
  9 adders
  4 river rats
  3 shadow imps
  2 adder skeletons
  6 leopard geckos
  61 orcs
  8 bats
  5 giant cockroaches
  3 hobgoblins
  6 jackals
  8 quokkas
  4 ball pythons
  4 frilled lizards
  2 goblins
  A jackal skeleton (D:4)
  9 kobolds
  5 rats
  A spectral orc (D:5)
303 creatures vanquished.

Vanquished Creatures (collateral kills)
  A water moccasin (D:9)
  3 orc warriors
  A centaur (Orc:2)
  A wyvern skeleton (D:9)
  A crimson imp (D:7)
  2 orc wizards
  A hound skeleton (D:5)
  2 adders (D:9)
  An ufetubus (Abyss:1)
  A dart slug (D:1)
  9 orcs
  A goblin (D:1)
  A hobgoblin (D:1)
  4 rats (D:1)
29 creatures vanquished.

Vanquished Creatures (others)
  An adder (D:4)
  6 starspawn tentacles (Abyss:1)
7 creatures vanquished.

Grand Total: 339 creatures vanquished

Notes
Turn   | Place    | Note
-------+----------+-------------------------------------------
     0 | D:1      | dumpf the Deep Dwarf Necromancer began the quest for the
                  | Orb.
     0 | D:1      | Reached XP level 1. HP: 15/15 MP: 3/3
     8 | D:1      | Learned a level 1 spell: Animate Skeleton
   252 | D:1      | Reached XP level 2. HP: 14/22 MP: 0/5
   674 | D:1      | Reached XP level 3. HP: 12/28 MP: 4/7
   681 | D:1      | Learned a level 3 spell: Vampiric Draining
   881 | D:2      | Reached skill level 1 in Fighting
  1733 | D:2      | Reached XP level 4. HP: 32/39 MP: 0/8
  1956 | D:3      | Learned a level 4 spell: Animate Dead
  2658 | D:3      | Reached skill level 5 in Necromancy
  2717 | D:4      | Reached XP level 5. HP: 36/45 MP: 2/9
  2740 | D:4      | Noticed Grinder
  2750 | D:5      | Entered Level 5 of the Dungeon
  2771 | D:5      | Reached skill level 6 in Necromancy
  2909 | D:4      | Noticed an ice beast
  3019 | D:4      | Killed an ice beast
  3019 | D:4      | Reached XP level 6. HP: 37/52 MP: 0/10
  3034 | D:4      | Noticed Edmund
  3137 | D:4      | Killed Edmund
  3248 | D:4      | Reached XP level 7. HP: 46/60 MP: 2/12
  3460 | D:4      | Noticed Pikel
  3483 | D:4      | Killed Pikel
  3483 | D:4      | Reached skill level 5 in Spellcasting
  3483 | D:4      | Reached XP level 8. HP: 31/67 MP: 0/16
  3544 | D:4      | Found a staircase to the Ecumenical Temple.
  3745 | Temple   | Entered the Ecumenical Temple
  4081 | Temple   | Became a worshipper of Fedhas Madash
  4904 | D:5      | Found Laotu's Serpentskin Sales.
  5059 | D:5      | Found a radiant altar of Vehumet.
  5078 | D:5      | Found a glowing silver altar of Zin.
  5115 | D:5      | Reached skill level 5 in Dodging
  5140 | D:5      | Identified the ring of Zyosiop {Fire Int+3}
  5528 | D:5      | Reached * piety under Fedhas
  5723 | D:5      | Found a basalt altar of Yredelemnul.
  6160 | D:6      | Found a hazy altar of Hepliaklqana.
  6182 | D:6      | Found a bloodstained altar of Trog.
  6243 | D:6      | Reached skill level 5 in Fighting
  6243 | D:6      | Gained mutation: You passively map the area around you.
                  | [Deep Dwarf growth]
  6243 | D:6      | Reached XP level 9. HP: 75/81 MP: 14/18
  6428 | D:6      | Reached skill level 7 in Necromancy
  6856 | D:7      | Reached skill level 8 in Necromancy
  7050 | D:7      | Reached skill level 1 in Axes
  7081 | D:7      | Reached ** piety under Fedhas
  7336 | D:7      | Learned a level 5 spell: Agony
  7692 | D:7      | Reached skill level 5 in Axes
  7724 | D:7      | Found a snail-covered altar of Cheibriados.
  7724 | D:7      | Found a sacrificial altar of Ru.
  7805 | D:7      | Found a glowing golden altar of the Shining One.
  8047 | D:7      | Noticed Duvessa
  8047 | D:7      | Noticed Dowan
  8056 | D:7      | Killed Dowan
  8062 | D:7      | Killed Duvessa
  8068 | D:7      | Found a shattered altar of Ashenzari.
  8280 | D:4      | Killed Grinder
  8450 | D:7      | Reached XP level 10. HP: 53/88 MP: 12/19
  8458 | D:7      | Reached skill level 5 in Invocations
  8465 | D:7      | Reached skill level 1 in Shields
  9093 | D:8      | Noticed anet's ghost (novice GnWn)
  9146 | D:8      | Noticed Psyche
  9157 | D:8      | Cast into level 1 of the Abyss (Psyche)
  9157 | Abyss:1  | Found a corrupted altar of Lugonu.
  9205 | Abyss:1  | Noticed a large abomination
  9273 | Abyss:1  | Noticed a smoke demon
  9321 | Abyss:1  | Noticed a worldbinder
  9349 | Abyss:1  | Noticed a starcursed mass
  9351 | Abyss:1  | Noticed a merfolk siren
  9351 | Abyss:1  | Noticed a merfolk siren
  9353 | Abyss:1  | Noticed a merfolk siren
  9356 | Abyss:1  | Noticed a merfolk siren
  9359 | Abyss:1  | Noticed a merfolk siren
  9359 | Abyss:1  | Noticed a merfolk siren
  9359 | Abyss:1  | Noticed a merfolk siren
  9364 | Abyss:1  | Killed a worldbinder
  9374 | Abyss:1  | Noticed a tentacled starspawn
  9401 | Abyss:1  | Found a corrupted altar of Lugonu.
  9448 | Abyss:1  | Noticed a tentacled starspawn
  9519 | Abyss:1  | Noticed a blizzard demon
  9527 | Abyss:1  | HP: 3/92 [blizzard demon] (24)]
  9542 | Abyss:1  | Killed a blizzard demon
  9601 | Abyss:1  | Noticed a thrashing horror
  9627 | Abyss:1  | Killed a thrashing horror
  9633 | D:8      | Escaped the Abyss
  9679 | D:8      | Killed Psyche
  9845 | D:8      | Reached *** piety under Fedhas
 10286 | D:8      | Reached skill level 5 in Armour
 10542 | D:8      | Found a runed translucent gate.
 10542 | D:8      | Found a runed translucent gate.
 10653 | D:9      | Found a stormy altar of Qazlal.
 10672 | D:8      | Reached XP level 11. HP: 70/106 MP: 3/19
 11056 | D:9      | Found an opulent altar of Gozag.
 11110 | D:9      | Noticed a death yak
 11261 | D:9      | Killed a death yak
 11288 | D:9      | Upgraded the game from 0.25-a0-786-g5b70d41e48 to
                  | 0.25-a0-803-g58bd18402a
 11360 | D:9      | Noticed a two-headed ogre
 11373 | D:9      | Killed a two-headed ogre
 11690 | D:9      | Found a staircase to the Orcish Mines.
 11947 | D:9      | Noticed a death yak
 11947 | D:9      | Noticed a death yak
 11961 | D:9      | Found a staircase to the Lair.
 12191 | D:8      | Found a runed translucent gate.
 12254 | Orc:1    | Entered Level 1 of the Orcish Mines
 12278 | Orc:1    | Noticed an orc sorcerer
 12377 | Orc:1    | Killed an orc sorcerer
 12377 | Orc:1    | Reached skill level 9 in Necromancy
 12999 | Orc:2    | Entered Level 2 of the Orcish Mines
 13123 | Orc:1    | Reached skill level 10 in Necromancy
 13140 | Orc:2    | Noticed an orc high priest
 13145 | Orc:1    | Reached **** piety under Fedhas
 13256 | Orc:1    | Reached skill level 1 in Maces & Flails
 13407 | Orc:1    | Noticed a sun demon
 13408 | Orc:1    | Killed an orc high priest
 13863 | Orc:2    | Reached skill level 5 in Maces & Flails
 13885 | Orc:2    | Noticed an orc sorcerer
 13893 | Orc:2    | Killed from afar by an orc sorcerer

Levels and vault maps discovered:
D:1:      dpeg_arrival_arbitrary_b, layout_rooms
D:2:      layout_rooms
D:3:      layout_basic
D:4:      layout_basic, minmay_temple_entry_hall, serial_curves, eino_curves_01,
          eino_curves_02, corexii_mini_fake_secret_closet,
          minmay_misc_feat_doors, uniq_grinder, uniq_pikel, uniq_edmund
D:5:      wad_woods_tower, layout_layer_cave,
          yredelemnul_forgotten_temple_becter, lemuel_doored_altar, basic_altar,
          first_ration, kennysheep_decorative_pillar, guppyfry_shop_venom
D:6:      minmay_spotlight, layout_loops_cross, bloody_trog, kennysheep_mini,
          kennysheep_generic_room_8
D:7:      layout_loops_corners, nicolae_overflow_hidden_temple,
          lemuel_coloured_pillars_altar, gammafunk_temple_overflow_elements,
          uniq_duvessa
D:8:      layout_loops_ring, gammafunk_ghost_icy, david_nohive_1,
          chequers_serial_rivers_room_a, chequers_serial_rivers_marsh,
          uniq_psyche
D:9:      layout_roguey, grunt_qazlal_sundering, nicolae_gozag_seed_capital,
          dpeg_lair_monsters, orc_0_dummy, serial_rivers,
          chequers_serial_rivers_micro_e, chequers_serial_rivers_large_a,
          chequers_serial_rivers_small_3, chequers_serial_rivers_small_a,
          chequers_jeans, st_stairs_6
Temple:   minmay_temple_forest_path
Orc:1:    layout_caves
Orc:2:    st_orc_rangers, layout_caves, serial_shops, shop

Skill      XL: |  1  2  3  4  5  6  7  8  9 10 11 |
---------------+----------------------------------+-----
Spellcasting   | 2 3 5 6 |  6.0
Fighting       | 2 5 9 |  9.0
Necromancy     | 5 6 8 10 | 10.0
Armour         | 2 4 5 6 |  6.1
Dodging        | 5 |  5.4
Axes           | 6 |  6.3
Invocations    | 4 5 8 |  8.0
Shields        | 3 |  3.0
Maces & Flails | 5 |  5.1
Stealth        | |  2.4

Action                   |  1- 3 |  4- 6 |  7- 9 | 10-12 || total
-------------------------+-------+-------+-------+-------++-------
Melee: Unarmed           |    12 |       |       |       ||    12
       Mace              |    27 |       |       |       ||    27
       Flail             |    21 |    15 |       |       ||    36
       Morningstar       |       |    38 |   205 |   263 ||   506
 Cast: Pain              |    25 |     5 |     4 |    37 ||    71
       Animate Skeleton  |    14 |     3 |     2 |       ||    19
       Vampiric Draining |    14 |    29 |   110 |   166 ||   319
       Animate Dead      |       |       |     2 |     9 ||    11
Invok: Wall of Briars    |       |       |       |    18 ||    18
 Abil: Heal Wounds       |       |       |       |    14 ||    14
  Use: Scroll            |       |     1 |     4 |    17 ||    22
       Potion            |       |       |     2 |    11 ||    13
  Eat: Chunk             |     5 |     8 |    13 |    19 ||    45
       Ration            |       |       |     3 |     3 ||     6
Armor: Ring mail         |    32 |    21 |   111 |    56 ||   220
       Plate armour      |       |       |       |    44 ||    44
       Scale mail        |       |       |       |   100 ||   100
       Leather armour    |       |       |       |     6 ||     6
Dodge: Dodged            |    63 |    56 |   235 |   255 ||   609
Block: Buckler           |       |       |     1 |   120 ||   121

Table legend:
 A = Non-vault XP
 B = Vault XP
 C = Vault XP percentage of total XP
 D = Non-vault monster count
 E = Vault monster count
 F = Vault count percentage of total count
                 A         B        C        D         E       F
            +---------+---------+-------+---------+---------+-------
      Total |   14219 |    5584 |  28.2 |     281 |      51 |  15.4
            +---------+---------+-------+---------+---------+-------
        D:1 |      42 |       0 |   0.0 |      27 |       0 |   0.0
        D:2 |      33 |       0 |   0.0 |      12 |       0 |   0.0
        D:3 |     114 |       0 |   0.0 |      24 |       0 |   0.0
        D:4 |     652 |    1116 |  63.1 |      15 |       4 |  21.1
        D:5 |     583 |     329 |  36.1 |      27 |       8 |  22.9
        D:6 |     419 |     352 |  45.7 |      16 |       4 |  20.0
        D:7 |    1989 |     216 |   9.8 |      41 |       2 |   4.7
        D:8 |    1212 |    1864 |  60.6 |      20 |      17 |  45.9
        D:9 |    2764 |     706 |  20.3 |      41 |       3 |   6.8
      Orc:1 |    3727 |       0 |   0.0 |      48 |       0 |   0.0
      Orc:2 |     220 |    1001 |  82.0 |       5 |      13 |  72.2
    Abyss:1 |    2464 |       0 |   0.0 |       5 |       0 |   0.0
            +---------+---------+-------+---------+---------+-------
